 Dungeon Crawl Stone Soup version 0.27-a0-797-g27d10ad80f (webtiles) character file.

Game seed: 1243740548674476966

8 Hasart the Sneak (level 2, 0/18 HPs)
             Began as a Kobold Brigand on Mar 27, 2021.
             Slain by a ball python (2 damage)
             ... on level 1 of the Dungeon.
             The game lasted 00:01:20 (362 turns).

Hasart the Sneak (Kobold Brigand)                    Turns: 362, Time: 00:01:20

Health: 0/18       AC:  3    Str:  8    XL:     2   Next: 15%
Magic:  2/2        EV: 11    Int: 12    God:
Gold:   15         SH:  0    Dex: 16    Spells: 1/1 levels left

rFire    . . .     SeeInvis .   a - +2 dagger
rCold    . . .     Faith    .   (shield restricted)
rNeg     . . .     Spirit   .   b - +0 robe
rPois    .         Reflect  .   (no helmet)
rElec    .         Harm     .   c - +0 cloak
rCorr    .         Rampage  .   (no gloves)
Will     .....                  (no boots)
Stlth    ++++......             (no amulet)
HPRegen  0.06/turn              (no ring)
MPRegen  0.08/turn              (no ring)

@: constricted
A: small, no large weapons, nightstalker 3
a: no special abilities


You were on level 1 of the Dungeon.
You visited 1 branch of the dungeon, and saw 1 of its levels.

You collected 15 gold pieces.

Inventory:

Hand Weapons
 a - a +2 dagger (weapon)
Missiles
 d - 8 poisoned darts (quivered)
 e - 2 curare-tipped darts
Armour
 b - a +0 robe (worn)
 c - a +0 cloak (worn)
Scrolls
 f - a scroll of identify {unknown}
Potions
 g - a potion of berserk rage {unknown}


   Skills:
 + Level 2.3 Fighting
 * Level 3.1 Short Blades
 + Level 2.3 Throwing
 + Level 1.4 Dodging
 + Level 5.4 Stealth


You had one spell level left.
You didn't know any spells.
Your spell library contained the following spells:

 Spells                   Type           Power      Damage    Failure   Level
 Confusing Touch          Hex            0%         N/A       69%         3
 Gell's Gravitas          Tloc           0%         N/A       69%         3
 Petrify                  Tmut/Erth      0%         N/A       97%         4
 Metabolic Englaciation   Hex/Ice        0%         N/A       100%        5
 Yara's Violent Unravell  Hex/Tmut       0%         3d3       100%        5


Dungeon Overview and Level Annotations

Branches:
Dungeon (1/15)

Altars:


Innate Abilities, Weirdness & Mutations

You are small and have problems with some larger weapons.
You are completely attuned to the shadows.


Message History

The bat closely misses you. The ball python closely misses you.
The ball python constricts you. The ball python barely misses you.
The ball python constricts you. The bat closely misses you.
The ball python barely misses you. The ball python constricts you.
The ball python misses you. The ball python constricts you.
The bat barely misses you. The ball python misses you.
The ball python constricts you. The bat hits you but does no damage.
The ball python bites you.
* * * LOW HITPOINT WARNING * * *
The ball python constricts you. The bat hits you but does no damage.
The ball python barely misses you. The ball python constricts you.
The bat barely misses you. The ball python misses you.
The ball python constricts you. The ball python misses you.
The ball python constricts you. The bat barely misses you.
The ball python misses you. The ball python constricts you.
The ball python misses you. The ball python constricts you.
The bat barely misses you.
The ball python bites you but does no damage.
The ball python constricts you. The bat completely misses you.
The ball python bites you but does no damage.
The ball python constricts you. The ball python barely misses you.
The ball python constricts you. The bat closely misses you. The bat misses you.
The ball python barely misses you.
* * * LOW HITPOINT WARNING * * *
The ball python constricts you. The bat closely misses you.
The ball python bites you but does no damage.
The ball python constricts you. The ball python barely misses you.
* * * LOW HITPOINT WARNING * * *
The ball python constricts you. The ball python closely misses you.
* * * LOW HITPOINT WARNING * * *
The ball python constricts you. The bat misses you. The ball python bites you.
You die...

#.....# #...#
#....###.## #.###.#
#####...####+#.#)....
#.# .#
####....................
#.#
..............#.#.#.#.##
#.#
####.###...##.#.#.#.#...
#.#
##'###...##.#.#.#.#...
#.#
#...b.......#.#.#.#...
#.# ##.>.......
.....'... #.#
#.....@.... ###.#...
##.########......S...
#.###.###.
...............#'#...
..........
#...#######....#.####
..###.###. #.......
#....#.# .......#.
#....... #....#.#
.......... #.......
.....#.# .........)
#....... #...#.#
#............ #...#.#
#............


You could see a bat and a ball python.

Vanquished Creatures
  2 endoplasms (D:1)
  2 hobgoblins (D:1)
  2 kobolds (D:1)
  2 rats (D:1)
8 creatures vanquished.

Notes
Turn   | Place    | Note
-------+----------+-------------------------------------------
     0 | D:1      | Hasart the Kobold Brigand began the quest for the Orb.
     0 | D:1      | Reached XP level 1. HP: 12/12 MP: 1/1
   146 | D:1      | Reached XP level 2. HP: 17/17 MP: 2/2
   362 | D:1      | Slain by a ball python

Illustrated notes

Levels and vault maps discovered:
D:1:      lemuel_arrival_muddy, layout_basic

Skill      XL: |  1 |
---------------+----+-----
Short Blades   | 3 |  3.1
Fighting       | |  2.3
Throwing       | |  2.3
Dodging        | |  1.4
Stealth        | |  5.4

Action                   || total
-------------------------++-------
Melee: Dagger            ||    15
 Stab: Sleeping          ||     5
Armor: Robe              ||    14
Dodge: Dodged            ||    47

Table legend: (Time is in decaauts)
 A = Elapsed time spent in this place.
 B = Non-inter-level travel time spent in this place.
 C = Inter-level travel time spent in this place.
 D = Time resting spent in this place.
 E = Time spent auto-exploring this place.
 F = Levels seen in this place.
 G = Mean time per level.
                   A        B        C        D        E       F      G
               +--------+--------+--------+--------+--------+-----+--------+
         Total |    360 |    360 |      0 |      0 |    291 |   1 |  360.0 |
       Dungeon |    360 |    360 |      0 |      0 |    291 |   1 |  360.0 |
               +--------+--------+--------+--------+--------+-----+--------+

Top non-repeatable levels by time:
     D:1: 360 daAuts
